 Dungeon Crawl Stone Soup version 0.31-a0-700-gf13585253f (webtiles) character file.

Game seed: 5112302021802925511

361 bobo the Skirmisher (level 6, 0/51 HPs)
             Began as a Gnoll Hunter on Sept 7, 2023.
             Was an Initiate of Zin.
             Killed from afar by an orc wizard (11 damage)
             ... with a puff of flame
             ... on level 4 of the Dungeon.
             The game lasted 00:12:34 (2448 turns).

bobo the Skirmisher (Gnoll Hunter)                  Turns: 2448, Time: 00:12:35

Health: 0/51       AC:  5    Str: 10    XL:     6   Next: 66%
Magic:  9/9        EV: 14    Int:  8    God:    Zin [......]
Gold:   76         SH:  0    Dex: 18    Spells: 9/9 levels left

rFire   . . .        a - +0 shortbow
rCold   . . .        (shield currently unavailable)
rNeg    . . .        c - +0 leather armour
rPois   .            (no helmet)
rElec   .            t - +0 cloak
rCorr   .            h - +0 pair of gloves
SInv    .            (no boots)
Will    .....        (no amulet)
Stlth   ++           (no ring)
HPRegen 0.28/turn    (no ring)
MPRegen 0.11/turn

%: no passive effects
@: about to teleport
A: fangs 1, strong nose, distributed training
a: Renounce Religion, Donate Gold


You were on level 4 of the Dungeon.
You worshipped Zin.
Zin was noncommittal.
You visited 2 branches of the dungeon, and saw 5 of its levels.

You collected 162 gold pieces.
You spent 78 gold pieces at shops.
You donated 8 gold pieces to Zin.

Inventory:

Hand Weapons
 a - a +0 shortbow (weapon)
 d - a +2 trident of freezing
Armour
 c - a +0 leather armour (worn)
 h - a +0 pair of gloves (worn)
 t - a +0 cloak (worn)
Scrolls
 b - a scroll of butterflies
 e - 3 scrolls of vulnerability
 i - a scroll of summoning
 m - 2 scrolls of enchant weapon
 o - 2 scrolls of silence
 p - a scroll of fear {unknown}
 q - a scroll of blinking {unknown}
 r - a scroll of brand weapon {unknown}
 s - a scroll of poison {unknown}
Potions
 j - 2 potions of magic
 l - a potion of enlightenment
 n - 4 potions of curing
 u - a potion of might


   Skills:
 + Level 5.0 Fighting
 + Level 2.1 Short Blades
 + Level 2.1 Long Blades
 + Level 2.1 Axes
 + Level 2.1 Maces & Flails
 + Level 2.1 Polearms
 + Level 2.1 Staves
 + Level 8.8 Ranged Weapons
 + Level 2.1 Throwing
 + Level 2.1 Armour
 + Level 5.0 Dodging
 + Level 3.2 Stealth
 + Level 2.1 Shields
 + Level 2.1 Unarmed Combat
 + Level 2.1 Spellcasting
 + Level 1.6 Conjurations
 + Level 1.6 Hexes
 + Level 1.6 Summonings
 + Level 1.6 Necromancy
 + Level 1.6 Translocations
 + Level 1.6 Transmutations
 + Level 1.6 Fire Magic
 + Level 1.6 Ice Magic
 + Level 1.6 Air Magic
 + Level 1.6 Earth Magic
 + Level 1.6 Poison Magic
 + Level 2.3 Invocations
 + Level 2.1 Evocations
 + Level 1.9 Shapeshifting


You had 9 spell levels left.
You didn't know any spells.
Your spell library contained the following spells:

 Spells                   Type           Power      Damage    Failure   Level
 Summon Small Mammal      Summ           12%        N/A       24%         1
 Call Canine Familiar     Summ           3%         N/A       56%         3
 Ozocubu's Armour         Ice            3%         N/A       56%         3
 Summon Guardian Golem    Hex/Summ       3%         N/A       56%         3
 Metabolic Englaciation   Hex/Ice        1%         N/A       100%        5
 Simulacrum               Ice/Necr       1%         N/A       100%        6


Dungeon Overview and Level Annotations

Branches:
Dungeon (4/15)             Temple (1/1) D:4

Altars:
Ashenzari
Dithmenos
Elyvilon
Gozag
Hepliaklqana
Makhleb
Nemelex Xobeh
Ru
Trog
Uskayaw
Wu Jian
Xom
Yredelemnul
Zin
The Shining One

Shops:
D:1 ?===*   D:4 !

Annotations:
D:4 Pikel


Innate Abilities, Weirdness & Mutations

You have very sharp teeth.
Your uncanny sense of smell can sniff out nearby items.
Your experience applies equally to all skills.


Message History

Fire: a) +0 shortbow
Press: ? - help, Q - select action Shift-Dir - straight line, f/p - gnoll
Aim: a gnoll, wielding a +0 spear (70% to hit)
You shoot an arrow. The arrow hits the gnoll.
The gnoll is moderately wounded.
The gnoll hits you from afar with a +0 spear.
Fire: a) +0 shortbow
Press: ? - help, Q - select action Shift-Dir - straight line, f/p - gnoll
Aim: a gnoll, wielding a +0 spear (moderately wounded, 70% to hit)
You shoot an arrow. The arrow hits the gnoll.
The gnoll is heavily wounded.
You hear some strange, mumbled words.
Something tries to affect you, but you resist.
The gnoll closely misses you.
Okay, then.
Level annotation: Pikel Welcome back, bobo the Gnoll Hunter.
Zin says: Spread the light, my child.
Press ? for a list of commands and other information.
As you read the scroll of teleportation, it crumbles to dust.
You feel strangely unstable. The gnoll misses you.
You shoot an arrow. Something hits you.
Deactivating autopickup; reactivate with Ctrl-A.
The gnoll hits you from afar with a +0 spear.
* * * LOW HITPOINT WARNING * * *
An orc comes into view. It is wielding a +0 club.
You shoot an arrow. Something completely misses you.
The gnoll hits you from afar with a +0 spear.
* * * LOW HITPOINT WARNING * * *
An orc wizard comes into view. It is wielding a +1 dagger of draining.
Level annotation: Pikel Welcome back, bobo the Gnoll Hunter.
Zin says: Spread the light, my child.
Press ? for a list of commands and other information.
You shoot an arrow. The arrow closely misses the orc.
The orc wizard shouts!
You hear some strange, mumbled words.
A puff of flame appears from out of thin air!
Deactivating autopickup; reactivate with Ctrl-A.
The puff of flame hits you!
You die...

.... ## #.## (##
#.## #.##
#.####.##
#.####.####
#g.........
#.####.###
#@####.## ###
#{####.#### ...
#o####.#### .o.
#......#####.#
#>......[....##.#
#[$....oo......#
#.....##).†..# ∆
###...##..#..#
#.....##†......


You could see an orc wizard, a gnoll and 2 orcs.

Vanquished Creatures
  2 vampire bats (D:4)
  A hound (D:4)
  An iguana (D:4)
  Terence (D:3)
  Natasha (thrice) (D:2)
  A gnoll (D:2)
  4 adders
  A worm (D:4)
  A dart slug (D:1)
  3 endoplasms
  7 giant cockroaches
  3 goblins
  7 hobgoblins
  8 jackals
  5 quokkas
  7 ball pythons
  6 bats
  3 frilled lizards
  4 kobolds
  5 rats
73 creatures vanquished.

Vanquished Creatures (collateral kills)
  An endoplasm (D:4)
  A goblin (D:4)
2 creatures vanquished.

Grand Total: 75 creatures vanquished

Notes
Turn   | Place    | Note
-------+----------+-------------------------------------------
     0 | D:1      | bobo the Gnoll Hunter began the quest for the Orb.
     0 | D:1      | Reached XP level 1. HP: 20/20 MP: 1/1
    33 | D:1      | Found Peacupiz's General Store.
    71 | D:1      | Reached XP level 2. HP: 26/26 MP: 2/2
   200 | D:1      | Found Kuomaf's Jewellery Shoppe.
   276 | D:1      | Found Ischog's Magic Scroll Shop.
   335 | D:1      | Found a faded altar of an unknown god.
   352 | D:1      | Reached XP level 3. HP: 31/31 MP: 3/3
   390 | D:1      | Found Beul's Jewellery Emporium.
   555 | D:1      | Found Zyeniec's Jewellery Shoppe.
   792 | D:2      | Reached skill level 1 in Invocations
   804 | D:2      | Noticed Natasha
   811 | D:2      | Killed Natasha
   812 | D:2      | Reached skill level 1 in Short Blades
   812 | D:2      | Reached skill level 1 in Long Blades
   812 | D:2      | Reached skill level 1 in Axes
   812 | D:2      | Reached skill level 1 in Maces & Flails
   812 | D:2      | Reached skill level 1 in Polearms
   812 | D:2      | Reached skill level 1 in Staves
   812 | D:2      | Reached skill level 1 in Throwing
   812 | D:2      | Reached skill level 1 in Armour
   812 | D:2      | Reached skill level 1 in Shields
   812 | D:2      | Reached skill level 1 in Unarmed Combat
   812 | D:2      | Reached skill level 1 in Spellcasting
   812 | D:2      | Reached skill level 1 in Evocations
   812 | D:2      | Reached skill level 1 in Shapeshifting
   812 | D:2      | Reached XP level 4. HP: 32/38 MP: 5/5
   892 | D:2      | Reached skill level 1 in Conjurations
   892 | D:2      | Reached skill level 1 in Hexes
   892 | D:2      | Reached skill level 1 in Summonings
   892 | D:2      | Reached skill level 1 in Necromancy
   892 | D:2      | Reached skill level 1 in Translocations
   892 | D:2      | Reached skill level 1 in Transmutations
   892 | D:2      | Reached skill level 1 in Fire Magic
   892 | D:2      | Reached skill level 1 in Ice Magic
   892 | D:2      | Reached skill level 1 in Air Magic
   892 | D:2      | Reached skill level 1 in Earth Magic
   892 | D:2      | Reached skill level 1 in Poison Magic
   983 | D:2      | Noticed Natasha
  1017 | D:2      | Killed Natasha
  1018 | D:2      | Reached XP level 5. HP: 23/43 MP: 5/7
  1189 | D:2      | Found a white marble altar of Elyvilon.
  1288 | D:3      | Noticed Terence
  1304 | D:3      | Killed Terence
  1428 | D:3      | Found a bloodstained altar of Trog.
  1430 | D:3      | Found a sacrificial altar of Ru.
  1430 | D:3      | Found an ornate altar of the Wu Jian Council.
  2088 | D:4      | Found Qellua's Distillery.
  2094 | D:4      | Bought a potion of curing for 36 gold pieces
  2123 | D:2      | Noticed Natasha
  2127 | D:2      | Killed Natasha
  2155 | D:1      | Bought a potion of degeneration for 14 gold pieces
  2207 | D:1      | Bought a scroll of identify for 28 gold pieces
  2299 | D:4      | Reached XP level 6. HP: 49/50 MP: 8/8
  2310 | D:4      | Reached skill level 5 in Fighting
  2310 | D:4      | Reached skill level 5 in Dodging
  2344 | D:4      | Found a staircase to the Ecumenical Temple.
  2374 | D:4      | Noticed Pikel
  2375 | Temple   | Entered the Ecumenical Temple
  2382 | Temple   | Became a worshipper of Zin the Law-Giver
  2448 | D:4      | Killed from afar by an orc wizard

Illustrated notes

Levels and vault maps discovered:
D:1:      dpeg_arrival_long_road, layout_rooms, shapermc_ecumenical_altar_petra,
          serial_shops, shop, shop, shop, shop, nicolae_shop_statue_plus,
          minmay_tromino_i2
D:2:      layout_basic, basic_altar, minmay_circle_x, uniq_natasha
D:3:      layout_loops_corners, chequers_temple_overflow_statue_of_worship,
          uniq_terence
D:4:      layout_gridville, minmay_temple_entry_gardened_gates, serial_shops,
          nicolae_shop_bloodbath_and_beyond, reono_crystal_passage,
          nicolae_zen_rock_garden, roderic_batcave, hangedman_decor_growths,
          nicolae_stop_n_shop_2, nicolae_underground_beach, uniq_pikel
Temple:   nicolae_temple_x_marks_the_god

Skill      XL: |  1  2  3  4  5  6 |
---------------+-------------------+-----
Invocations    | 1 2 |  2.3
Short Blades   | 1 2 |  2.1
Long Blades    | 1 2 |  2.1
Axes           | 1 2 |  2.1
Maces & Flails | 1 2 |  2.1
Polearms       | 1 2 |  2.1
Staves         | 1 2 |  2.1
Throwing       | 1 2 |  2.1
Armour         | 1 2 |  2.1
Shields        | 1 2 |  2.1
Unarmed Combat | 1 2 |  2.1
Spellcasting   | 1 2 |  2.1
Evocations     | 1 2 |  2.1
Shapeshifting  | 1 |  1.9
Conjurations   | 1 |  1.6
Hexes          | 1 |  1.6
Summonings     | 1 |  1.6
Necromancy     | 1 |  1.6
Translocations | 1 |  1.6
Transmutations | 1 |  1.6
Fire Magic     | 1 |  1.6
Ice Magic      | 1 |  1.6
Air Magic      | 1 |  1.6
Earth Magic    | 1 |  1.6
Poison Magic   | 1 |  1.6
Stealth        | 3 |  3.2
Fighting       | 5 |  5.0
Dodging        | 5 |  5.0
Ranged Weapons | |  8.8

Action                     |  1- 3 |  4- 6 || total
---------------------------+-------+-------++-------
   Fire: Shortbow          |    94 |   164 ||   258
    Use: Scroll            |       |    11 ||    11
 Armour: Leather armour    |    11 |    59 ||    70
  Dodge: Dodged            |    15 |    94 ||   109

Table legend: (Time is in decaauts)
 A = Elapsed time spent in this place.
 B = Non-inter-level travel time spent in this place.
 C = Inter-level travel time spent in this place.
 D = Time resting spent in this place.
 E = Time spent auto-exploring this place.
 F = Levels seen in this place.
 G = Mean time per level.
                   A        B        C        D        E       F      G
               +--------+--------+--------+--------+--------+-----+--------+
         Total |   2478 |   2176 |    302 |     15 |   1698 |   5 |  495.6 |
       Dungeon |   2463 |   2167 |    296 |     15 |   1698 |   4 |  615.8 |
        Temple |     14 |      8 |      6 |      0 |      0 |   1 |   14.0 |
               +--------+--------+--------+--------+--------+-----+--------+

Top non-repeatable levels by time:
     D:3: 832 daAuts
     D:1: 772 daAuts
     D:2: 699 daAuts
     D:4: 160 daAuts
  Temple: 14 daAuts
